 Dungeon Crawl Stone Soup version 0.26-a0-812-g31a745ddcd (webtiles) character file.

Game seed: 4665681088329081985

109 kae the Chopper (level 4, 0/40 HPs)
             Began as a Hill Orc Abyssal Knight on Dec 10, 2020.
             Was a Believer of Lugonu.
             Slain by a gnoll
             ... wielding a +0 club
              (4 damage)
             ... on level 2 of the Dungeon.
             The game lasted 00:01:20 (2682 turns).

kae the Chopper (Hill Orc Abyssal Knight)           Turns: 2682, Time: 00:01:20

Health: 0/40       AC:  5    Str: 14 (15) XL:     4   Next: 90%
Magic:  6/6        EV: 11    Int: 10 (12) God:    Lugonu [**....]
Gold:   220        SH:  0    Dex:  7 (10) Spells: 3/3 levels left

rFire    . . .     SeeInvis .   a - +1 hand axe
rCold    . . .     Faith    .   (no shield)
rNeg     . . .     Spirit   .   b - +0 leather armour
rPois    .         Reflect  .   g - +2 hat
rElec    .         Harm     .   (no cloak)
rCorr    .         Rampage  .   (no gloves)
MR       .....                  (no boots)
Stlth    +.........             (no amulet)
HPRegen  0.13/turn              (no ring)
MPRegen  0.10/turn              (no ring)

@: no status effects
A: no striking features
a: Depart the Abyss, Bend Space, Renounce Religion


You were on level 2 of the Dungeon.
You worshipped Lugonu.
Lugonu was pleased with you.
You visited 1 branch of the dungeon, and saw 3 of its levels.
You visited the Abyss 1 time.

You collected 220 gold pieces.

Inventory:

Hand Weapons
 a - a +1 hand axe (weapon)
Armour
 b - a +0 leather armour (worn)
 d - a +1 hat
 g - a +2 hat (worn)
Wands
 k - a wand of random effects (13)
Scrolls
 c - 2 scrolls of enchant armour {unknown}
 e - a scroll of enchant weapon {unknown}
 f - 4 scrolls of identify {unknown}
 h - a scroll of blinking {unknown}
 m - a scroll of magic mapping {unknown}
 n - a scroll of remove curse {unknown}
 o - 2 scrolls of teleportation {unknown}
Potions
 i - a potion of curing
 j - a potion of magic {unknown}
 l - 2 potions of flight {unknown}
 p - a potion of haste {unknown}


   Skills:
 - Level 4.0 Fighting
 * Level 4.3 Axes
 - Level 3.0 Armour
 + Level 1.6 Dodging
 + Level 3.6 Invocations


You had 3 spell levels left.
You didn't know any spells.
Your spell library was empty.

Dungeon Overview and Level Annotations

Branches:
Dungeon (3/15)

Altars:
Vehumet


Message History

* * * LOW HITPOINT WARNING * * *
You hit the gnoll.
You kill the gnoll!
Lugonu accepts your kill.
You feel your intelligence returning.
Training target 3.0 for Armour reached!
Your Armour skill increases to level 3!
You closely miss the gnoll. The gnoll closely misses you.
Okay, then.
You hit the gnoll.
The gnoll is moderately wounded.
The gnoll hits you with a +0 club.
* * * LOW HITPOINT WARNING * * *
You closely miss the gnoll.
The gnoll is moderately wounded.
The gnoll hits you but does no damage.
You hit the gnoll.
The gnoll is heavily wounded.
The gnoll hits you with a +0 club.
You die...

########.######.#########.#
.........#......# #.#
########.#.####### #.#
#.........# #.# #.#.#####.#
#.# #(#.....#.# #.#
#.#####.#.########.##
########.#####.#...........#
...............g@.##########
########.#######.)#
########...†......#
............#####.#
......^...........#
............#######
............# .......(..(.#
...##########


You could see a gnoll.

Vanquished Creatures
  A gnoll (D:2)
  5 adders
  A worm (D:2)
  4 dart slugs
  7 bats
  4 giant cockroaches
  5 goblins
  4 hobgoblins
  3 jackals (D:2)
  4 quokkas
  2 frilled lizards (D:3)
  3 kobolds
  A rat (D:3)
44 creatures vanquished.

Notes
Turn   | Place    | Note
-------+----------+-------------------------------------------
     0 | Abyss:1  | kae the Hill Orc Abyssal Knight began the quest for the
                  | Orb.
     0 | Abyss:1  | Reached XP level 1. HP: 19/19 MP: 2/2
   217 | D:1      | Escaped the Abyss
   485 | D:1      | Reached XP level 2. HP: 27/27 MP: 3/3
   531 | D:1      | Reached skill level 1 in Dodging
  1163 | D:2      | Found a radiant altar of Vehumet.
  1218 | D:2      | Reached XP level 3. HP: 33/33 MP: 5/5
  1491 | D:2      | Reached XP level 4. HP: 27/40 MP: 6/6
  1893 | D:3      | Reached ** piety under Lugonu
  2682 | D:2      | Slain by a gnoll

Illustrated notes

Levels and vault maps discovered:
D:1:      wander_arrival_chamber, layout_loops_ring
D:2:      layout_basic, nicolae_overflow_crystal_walls
D:3:      layout_basic, nicolae_qazlal_general_emergency,
          ashenzari_conservatory_becter, minmay_distorted

Skill      XL: |  1  2  3  4 |
---------------+-------------+-----
Axes           | 3 4 |  4.3
Dodging        | 1 |  1.6
Invocations    | 3 |  3.6
Fighting       | 4 |  4.0
Armour         | 3 |  3.0

Action                   |  1- 3 |  4- 6 || total
-------------------------+-------+-------++-------
Melee: Hand axe          |   107 |    63 ||   170
  Use: Potion            |       |     2 ||     2
Armor: Leather armour    |    55 |    22 ||    77
Dodge: Dodged            |    85 |    35 ||   120

Table legend: (Time is in decaauts)
 A = Elapsed time spent in this place.
 B = Non-inter-level travel time spent in this place.
 C = Inter-level travel time spent in this place.
 D = Time resting spent in this place.
 E = Time spent auto-exploring this place.
 F = Levels seen in this place.
 G = Mean time per level.
                   A        B        C        D        E       F      G
               +--------+--------+--------+--------+--------+-----+--------+
         Total |   2710 |   2634 |     76 |    233 |   2037 |   4 |  677.5 |
       Dungeon |   2493 |   2417 |     76 |     33 |   2037 |   3 |  831.0 |
         Abyss |    217 |    217 |      0 |    200 |      0 |   1 |  217.0 |
               +--------+--------+--------+--------+--------+-----+--------+

Top non-repeatable levels by time:
     D:2: 846 daAuts
     D:1: 837 daAuts
     D:3: 809 daAuts
 Abyss:1: 217 daAuts
